 Dungeon Crawl Stone Soup version 0.30.1-9-gdf580d7c3d (webtiles) character file.

Game seed: 8472292934475732776

843 pkoi the Insei (level 7, 0/53 (60) HPs)
             Began as a Yellow Draconian Monk on Oct 24, 2023.
             Was a Believer of Qazlal.
             Slain by a wight
             ... wielding a +0 battleaxe
              (7 damage)
             ... on level 5 of the Dungeon.
             The game lasted 00:05:38 (4203 turns).

pkoi the Insei (Yellow Draconian Monk)              Turns: 4203, Time: 00:05:39

HP:   0/53 (60)     AC:  7    Str: 13    XL:     7   Next: 68%
MP:   8/8           EV: 13    Int: 13    God:    Qazlal [**....]
Gold: 298           SH:  2    Dex: 13    Spells: 5/6 levels left

rFire   . .          .
                       - Unarmed
rCold   . . .        b - orb {light}
rNeg    . . .        (body armour unavailable)
rPois   .            (helmet restricted)
rElec   .            (no cloak)
rCorr   +            a - +0 pair of gloves
SInv    +            (no boots)
Will    .....        (no amulet)
Stlth   +            n - ring of see invisible
HPRegen 0.28/turn    (no ring)
MPRegen 0.11/turn

%: no passive effects
@: short of breath, flying, glowing, heavily drained
A: spit acid, AC +6, unfitting armour, cold-blooded, acid resistance, antennae
1, big wings, passive freeze
a: Breathe Acid, Renounce Religion, Upheaval


You were on level 5 of the Dungeon.
You worshipped Qazlal.
Qazlal was pleased with you.
You visited 1 branch of the dungeon, and saw 6 of its levels.

You collected 298 gold pieces.

Inventory:

Hand Weapons
 f - a +1 short sword of venom
 g - a +2 whip of freezing
Armour
 a - a +0 pair of gloves (worn)
 b - an orb of light (worn)
Jewellery
 j - a ring of ice
 n - a ring of see invisible (left hand)
Wands
 q - a wand of flame (15)
Scrolls
 d - 2 scrolls of amnesia
 e - 2 scrolls of butterflies
 h - 4 scrolls of teleportation
 p - a scroll of blinking
Potions
 c - a potion of magic
 k - 2 potions of haste
 s - a potion of brilliance


   Skills:
 - Level 4.6 Fighting
 - Level 3.8 Dodging
 + Level 7.8 Unarmed Combat
 + Level 2.0 Invocations


You had 5 spell levels left.
You knew the following spells:

 Your Spells              Type           Power      Damage    Failure   Level
a - Apportation           Tloc           0%         N/A       30%         1

Your spell library contained the following spells:

 Spells                   Type           Power      Damage    Failure   Level
 Magic Dart               Conj           0%         1d3       30%         1
 Necrotise                Necr           0%         1d4       30%         1
 Summon Small Mammal      Summ           0%         N/A       30%         1
 Call Imp                 Summ           0%         N/A       43%         2
 Ensorcelled Hibernation  Hex/Ice        0%         N/A       43%         2
 Passwall                 Tmut/Erth      0%         N/A       43%         2
 Mephitic Cloud           Conj/Pois/Air  0%         N/A       67%         3
 Swiftness                Air            0%         N/A       67%         3


Dungeon Overview and Level Annotations

Branches:
Dungeon (6/15)
 Temple: D:4-7

Altars:
Qazlal

Shops:
D:2 [

Annotations:
D:3 1 runed translucent door, foxicus's ghost, amateur HOFi
D:4 Dowan


Innate Abilities, Weirdness & Mutations

You can spit globs of acid.
Your golden yellow scales are hard. (AC +6)
You cannot fit into any form of body armour.
You are cold-blooded and may be slowed by cold attacks.
You are resistant to acid. (rCorr)
You have a pair of small antennae on your head.
Your large and strong wings let you fly.
A frigid envelope surrounds you and freezes all who hurt you.


Message History

Unknown command.
You are too injured to fight recklessly!
You hit the wight.
The wight is lightly damaged.
The wight hits you with a +1 dire flail!
* * * LOW HITPOINT WARNING * * *
The wight completely resists.
The wight barely misses you. The wight closely misses you.
You hit the wight.
The wight is moderately damaged.
The wight barely misses you. x2; The wight hits you but does no damage.
The wight completely resists.
Unknown command.
You hit the wight but do no damage.
The wight is moderately damaged.
Unknown command.
You hit the wight.
The wight is moderately damaged.
The wight hits you but does no damage.
The wight resists.
The wight is very cold.
The wight is lightly damaged.
The wight hits you with a +0 battleaxe.
* * * LOW HITPOINT WARNING * * *
You feel drained.
* * * LOW HITPOINT WARNING * * *
The wight resists.
The wight is very cold.
The wight is heavily damaged.
The wight is engulfed in blazing flames.
You block the wight's attack.
Press: ? - help, Shift-Dir - straight line, f - wight
Aim: a wight, wielding a +1 dire flail and wearing a +0 robe (lightly damaged, haloed, 78% to hit)
You spit a glob of acid.
The glob of acid hits the wight!!
The acid corrodes the wight!
The acid splashes onto the wight!
The wight is splashed with acid.
The acid corrodes the wight!
You destroy the wight!
Qazlal accepts your kill.
You destroy the wight!
Qazlal accepts your kill. The wight hits you with a +0 battleaxe!
You die...

....'...................#........
....#...................#........
....#...................#........
#####...................###..####
#......############'##+##########
#......# #...............#.
#......# #...............+.
#......# #z).........~§....
#......# #@...##....§§.~..#
#......#########)○..##....§§§..##
#..............#..........§§.§...
#..............#...........~.§...
#######........#....##...........
.'....#........#....##....#....##
##....#........#....#######....##
##....#........#....##...##....##
.#....#........#.....#...........


You could see a wight.

Vanquished Creatures
  Duvessa (D:4)
  2 ogres
  A phantom (D:5)
  A scorpion (D:3)
  2 wights (D:5)
  A hound (D:4)
  A gnoll bouda (D:4)
  A sleepcap (D:5)
  An iguana (D:5)
  3 orc wizards
  Robin (D:4)
  9 adders
  6 gnolls (D:4)
  An ufetubus (D:4)
  A worm (D:2)
  3 dart slugs
  8 orcs
  3 bats
  4 endoplasms
  3 giant cockroaches
  16 goblins
  9 hobgoblins
  3 jackals (D:2)
  5 kobolds
  2 quokkas
  5 ball pythons
  2 frilled lizards
  4 rats
99 creatures vanquished.

Notes
Turn   | Place    | Note
-------+----------+-------------------------------------------
     0 | D:1      | pkoi the Draconian Monk began the quest for the Orb.
     0 | D:1      | Reached XP level 1. HP: 19/19 MP: 1/1
    32 | D:1      | Found a faded altar of an unknown god.
   129 | D:1      | Reached XP level 2. HP: 22/26 MP: 2/2
   762 | D:2      | Reached skill level 4 in Unarmed Combat
   788 | D:2      | Reached XP level 3. HP: 30/31 MP: 3/3
   800 | D:2      | Found Tikut's Antique Armour Shoppe.
  1129 | D:2      | You fall into a shaft and drop 1 floor!
  1144 | D:3      | Noticed a scorpion
  1165 | D:3      | Killed a scorpion
  1166 | D:3      | Reached skill level 5 in Unarmed Combat
  1166 | D:3      | Reached XP level 4. HP: 23/38 MP: 4/4
  1369 | D:3      | Noticed an ogre
  1850 | D:2      | Gained mutation: You have a pair of small antennae on your
                  | head. [potion of mutation]
  1850 | D:2      | Gained mutation: A frigid envelope surrounds you and
                  | freezes all who hurt you. [potion of mutation]
  1850 | D:2      | Gained mutation: Your large and strong wings let you fly.
                  | [potion of mutation]
  1860 | D:3      | Reached XP level 5. HP: 43/45 MP: 5/5
  1897 | D:3      | Reached skill level 6 in Unarmed Combat
  1930 | D:2      | Killed an ogre
  2148 | D:3      | Reached XP level 6. HP: 46/51 MP: 6/6
  2276 | D:3      | Found a runed translucent door.
  2277 | D:3      | Noticed foxicus's ghost (amateur HOFi)
  2423 | D:4      | Noticed Duvessa
  2423 | D:4      | Noticed Dowan
  2472 | D:4      | Noticed Robin
  2501 | D:4      | Killed Robin
  2552 | D:4      | Reached skill level 7 in Unarmed Combat
  2633 | D:4      | Killed Duvessa
  2740 | D:4      | Your scales start taking on a golden yellow colour.
  2740 | D:4      | Reached XP level 7. HP: 47/59 MP: 7/7
  2740 | D:4      | Gained mutation: You are resistant to acid. (rCorr) [Yellow
                  | Draconian growth]
  3211 | D:4      | Learned a level 1 spell: Apportation
  3233 | D:5      | Entered Level 5 of the Dungeon
  3330 | D:5      | Found a stormy altar of Qazlal.
  3346 | D:5      | Became a worshipper of Qazlal Stormbringer
  3346 | D:5      | Reached * piety under Qazlal
  3346 | D:5      | Reached ** piety under Qazlal
  3573 | D:5      | Reached skill level 1 in Invocations
  4203 | D:5      | Slain by a wight

Illustrated notes

Levels and vault maps discovered:
D:1:      minmay_arrival_plants_in_alcoves, layout_loops_ring,
          hellmonk_ecumenical_altar_zigzags
D:2:      layout_loops_ring, serial_shops, nicolae_shop_peninsula
D:3:      layout_basic, gammafunk_ghost_grave
D:4:      layout_cave_pools, st_stairs_2, uniq_robin, uniq_duvessa
D:5:      layout_gridville, nicolae_qazlal_scattered_showers, serial_park_tiny_1
D:6:      layout_basic, vehumet_statue, minmay_temple_entry_poolview,
          serial_shops, shop, nicolae_shop_hallway_plus,
          nicolae_shop_mannequins, nicolae_shop_just_a_little_nook

Skill      XL: |  1  2  3  4  5  6  7 |
---------------+----------------------+-----
Unarmed Combat | 4 5 6 7 |  7.8
Dodging        | 3 |  3.8
Fighting       | 4 |  4.6
Invocations    | 2 |  2.0

Action                     |  1- 3 |  4- 6 |  7- 9 || total
---------------------------+-------+-------+-------++-------
  Melee: Unarmed           |    95 |   108 |    61 ||   264
         Tailslap          |    11 |    19 |    10 ||    40
Ability: Breathe Acid      |       |       |     1 ||     1
    Use: Scroll            |     6 |     3 |     3 ||    12
         Potion            |     2 |     2 |     1 ||     5
 Armour: Skin              |    36 |    24 |    18 ||    78
  Dodge: Dodged            |    68 |    82 |    36 ||   186
  Block: Orb               |       |       |     3 ||     3
